 Dungeon Crawl Stone Soup version 0.31-a0-216-g22e908daa7 (webtiles) character file.

Game seed: 724619439333013367

1253 qw the Cleaver (level 8, -1/50 HPs)
             Began as a Gargoyle Fighter on July 2, 2023.
             Slain by an orc wizard
             ... wielding a +0 dagger
              (3 damage)
             ... on level 6 of the Dungeon.
             The game lasted 00:02:33 (4607 turns).

qw the Cleaver (Gargoyle Fighter)                   Turns: 4607, Time: 00:02:34

Health: -1/50      AC: 14    Str: 23    XL:     8   Next: 51%
Magic:  8/8        EV: 13    Int:  8    God:
Gold:   127        SH:  4    Dex:  9    Spells: 7/7 levels left

rFire   . . .        Y - +2 war axe
rCold   . . .        c - +0 buckler
rNeg    + . .        j - +0 chain mail
rPois   inf          (no helmet)
rElec   +            (no cloak)
rCorr   .            (no gloves)
SInv    .            (no boots)
Will    .....        (no amulet) Stlth
                     h - +5 ring of evasion
HPRegen 0.28/turn    (no ring)
MPRegen 0.11/turn

%: no passive effects
@: no status effects
A: sickness immunity, AC +5, negative energy resistance 1, electricity
resistance, torment resistance 1, petrification resistance
a: no special abilities


You were on level 6 of the Dungeon.
You visited 1 branch of the dungeon, and saw 6 of its levels.

You collected 127 gold pieces.


Innate Abilities, Weirdness & Mutations

You are immune to sickness and miasma.
Your stone body is resilient. (AC +5)
You are immune to poison.
You resist negative energy. (rN+)
You are resistant to electric shocks. (rElec)
You are resistant to unholy torment.
You are immune to petrification.


   Skills:
 + Level 5.5 Fighting
 - Level 8.4 Axes
 - Level 3.2 Armour
 - Level 1.0 Dodging
 - Level 3.2 Shields


You had 7 spell levels left.
You didn't know any spells.
Your spell library was empty.

Inventory:

Hand Weapons
 f - a +0 flail of holy wrath
 k - a +0 morningstar
 Y - a +2 war axe (weapon)
Armour
 c - a +0 buckler (worn)
 i - a +0 helmet
 j - a +0 chain mail (worn)
Jewellery
 h - a +5 ring of evasion (left hand)
Scrolls
 a - a scroll of identify
Potions
 d - 2 potions of might
 g - 2 potions of attraction
 l - a potion of haste

Dungeon Overview and Level Annotations

Branches:
Dungeon (6/15)
 Temple: D:4-7

Altars:
Hepliaklqana

Annotations:
D:6 Maggie


Message History

You kill the orc!
You closely miss the orc wizard.
Maggie hits you from afar with a +2 glaive of pain!
You writhe in agony.
Something hits you but does no damage.
The orc wizard gestures wildly while chanting.
The orc wizard flickers and vanishes!
The orc hits you with a +0 club.
You hear some strange, mumbled words.
A puff of flame appears from out of thin air!
The puff of flame hits you but does no damage.
Maggie misses you.
Your Axes skill increases to level 8!
You closely miss the orc. You slash something!
Reactivating autopickup.
You feel a bit more experienced.
You miss something. You hit something but do no damage. You hit the orc.
You block the orc's attack. The orc hits you but does no damage.
You block something's attack.
Deactivating autopickup; reactivate with Ctrl-A.
Something hits you but does no damage. Maggie closely misses you.
You slash the orc!
You kill the orc!
You hit the orc. You hit the orc but do no damage. You closely miss something.
You barely miss something. You block something's attack.
The orc closely misses you. Something hits you but does no damage.
The orc hits you but does no damage. Maggie misses you.
You barely miss the orc.
The orc is heavily wounded.
You closely miss something. x2; You hit the orc but do no damage.
Something hits you but does no damage. The orc closely misses you.
Something hits you but does no damage. The orc hits you with a +0 hand axe.
Maggie closely misses you.
You hit the orc.
You kill the orc!
You hit the orc but do no damage. You hit something. x2
Something hits you but does no damage. x2; You block the orc's attack.
Maggie gestures wildly while chanting.
Maggie attempts to bespell you! You resist with almost no effort.
Something hits you.
You die...

..........##~~
......>...#~~# #
..........#~~#.#
...........~~...
.....).....~~...
........#..~~..~
......).#...~.~~
......)@{@~~~$~.
......so{..~~...
...#......~~~.~.
# ##......~~...
........~~...
###......~....
#......~~...
#.....~~~~..


You could see Maggie, a scorpion and an orc.

Vanquished Creatures
  Grinder (D:6)
  A water moccasin (D:5)
  An ogre (D:4)
  2 centaurs (D:5)
  A bullfrog (D:6)
  A scorpion (D:6)
  A hound (D:5)
  2 jellies (D:5)
  2 gnoll boudas (D:5)
  2 orc priests
  An iguana (D:6)
  4 orc wizards
  11 gnolls (D:5)
  3 adders
  A white imp (D:3)
  An ufetubus (D:5)
  5 worms
  2 dart slugs (D:3)
  11 orcs
  8 ball pythons
  12 endoplasms
  8 giant cockroaches
  3 goblins
  8 hobgoblins
  7 jackals
  2 quokkas (D:3)
  3 bats
  2 frilled lizards
  4 kobolds
  4 rats
114 creatures vanquished.

Notes
Turn   | Place    | Note
-------+----------+-------------------------------------------
     0 | D:1      | qw the Gargoyle Fighter began the quest for the Orb.
     0 | D:1      | Reached XP level 1. HP: 14/14 MP: 1/1
     0 | D:1      | 0 ||| qw: Version: 0.3-a-35-g05ef00e
     0 | D:1      | 0 ||| qw: Game counter: 7786
     0 | D:1      | 0 ||| qw: Melee chars always use a shield: true
     0 | D:1      | 0 ||| qw: God list: Okawaru
     0 | D:1      | 0 ||| qw: Allow faded altars: false
     0 | D:1      | 0 ||| qw: Do Orc after clearing Dungeon:15 true
     0 | D:1      | 0 ||| qw: Do second Lair branch before Depths: true
     0 | D:1      | 0 ||| qw: Lair rune preference: random
     0 | D:1      | 0 ||| qw: Goals: Normal, Zot:1-4, Slime:5, God:TSO, Crypt,
                  | Tomb, Abyss, Pan, Hells, Win
     0 | D:1      | 0 ||| PLANNING D:1-11
    23 | D:1      | Reached skill level 2 in Axes
    32 | D:1      | 32 ||| Stepping ~*~*~tactically~*~*~ (stealth).
    33 | D:1      | 33 ||| Stepping ~*~*~tactically~*~*~ (stealth).
    34 | D:1      | 34 ||| Stepping ~*~*~tactically~*~*~ (stealth).
    36 | D:1      | 36 ||| Stepping ~*~*~tactically~*~*~ (stealth).
    44 | D:1      | Reached XP level 2. HP: 15/19 MP: 2/2
   792 | D:1      | 792 ||| UPGRADING to +0 chain mail.
   802 | D:1      | 802 ||| DROPPING +0 scale mail.
   803 | D:1      | 803 ||| UPGRADING to +5 ring of evasion.
   804 | D:1      | 804 ||| READING 3 scrolls labelled WIXIOS QURAO.
   805 | D:1      | 805 ||| READING scroll labelled ESE LAYFAEGAR.
   806 | D:1      | 806 ||| READING scroll labelled NAXAFO TOPT.
   809 | D:1      | 809 ||| READING scroll labelled ICIPRI YSAG.
   810 | D:1      | 810 ||| READING scroll labelled NILONO XADOK.
   811 | D:1      | 811 ||| READING 2 scrolls of identify.
   811 | D:1      | 811 ||| IDENTIFYING sapphire potion
   846 | D:2      | 846 ||| DROPPING +0 club.
   859 | D:2      | 859 ||| Stepping ~*~*~tactically~*~*~ (stealth).
   861 | D:2      | 861 ||| Stepping ~*~*~tactically~*~*~ (stealth).
   875 | D:2      | Reached skill level 3 in Axes
   901 | D:2      | Reached XP level 3. HP: 23/23 MP: 3/3
  1261 | D:2      | Reached XP level 4. HP: 27/28 MP: 4/4
  1747 | D:2      | 1747 ||| READING scroll labelled VIORIE REQUMNY.
  1748 | D:2      | 1748 ||| DRINKING 2 blue potions.
  1749 | D:2      | 1749 ||| READING 3 scrolls of identify.
  1749 | D:2      | 1749 ||| IDENTIFYING fizzy dark potion
  1815 | D:3      | Reached skill level 4 in Axes
  1842 | D:3      | 1842 ||| Stepping ~*~*~tactically~*~*~ (stealth).
  1844 | D:3      | 1844 ||| Stepping ~*~*~tactically~*~*~ (hiding).
  1915 | D:3      | 1915 ||| DROPPING +0 whip.
  2032 | D:3      | 2032 ||| Stepping ~*~*~tactically~*~*~ (stealth).
  2262 | D:3      | 2262 ||| Stepping ~*~*~tactically~*~*~ (hiding).
  2263 | D:3      | 2263 ||| Stepping ~*~*~tactically~*~*~ (hiding).
  2285 | D:3      | 2285 ||| Stepping ~*~*~tactically~*~*~ (hiding).
  2319 | D:3      | Reached XP level 5. HP: 32/32 MP: 5/5
  2420 | D:3      | 2420 ||| READING scroll labelled LUWIGUCR DURI.
  2421 | D:3      | 2421 ||| READING scroll labelled LOES UZINTOMU.
  2422 | D:3      | 2422 ||| READING 2 scrolls of identify.
  2422 | D:3      | 2422 ||| IDENTIFYING inky potion
  2423 | D:3      | 2423 ||| DROPPING potion of invisibility.
  2642 | D:4      | 2642 ||| Stepping ~*~*~tactically~*~*~ (stealth).
  2646 | D:4      | 2646 ||| Stepping ~*~*~tactically~*~*~ (hiding).
  2648 | D:4      | 2648 ||| Stepping ~*~*~tactically~*~*~ (hiding).
  2698 | D:4      | 2698 ||| Stepping ~*~*~tactically~*~*~ (hiding).
  2711 | D:4      | 2711 ||| FLEEEEING.
  2712 | D:4      | 2712 ||| FLEEEEING.
  2713 | D:4      | 2713 ||| FLEEEEING.
  2714 | D:4      | 2714 ||| FLEEEEING.
  2715 | D:4      | 2715 ||| FLEEEEING.
  2716 | D:4      | 2716 ||| FLEEEEING.
  2717 | D:4      | 2717 ||| FLEEEEING.
  2718 | D:4      | 2718 ||| FLEEEEING.
  2719 | D:4      | 2719 ||| FLEEEEING.
  2720 | D:4      | 2720 ||| FLEEEEING.
  2721 | D:4      | 2721 ||| FLEEEEING.
  2728 | D:4      | 2728 ||| FLEEEEING.
  2729 | D:4      | 2729 ||| FLEEEEING.
  2730 | D:4      | 2730 ||| FLEEEEING.
  2731 | D:4      | 2731 ||| FLEEEEING.
  2732 | D:4      | 2732 ||| FLEEEEING.
  2733 | D:4      | 2733 ||| FLEEEEING.
  2734 | D:4      | 2734 ||| FLEEEEING.
  2735 | D:4      | 2735 ||| FLEEEEING.
  2735 | D:4      | HP: 5/32 [orc wizard/magic dart (9)]
  2736 | D:4      | 2736 ||| FLEEEEING.
  2737 | D:4      | 2737 ||| FLEEEEING.
  2738 | D:4      | 2738 ||| FLEEEEING.
  2739 | D:4      | 2739 ||| FLEEEEING.
  2740 | D:4      | 2740 ||| FLEEEEING.
  2743 | D:4      | 2743 ||| Stepping ~*~*~tactically~*~*~ (hiding).
  2745 | D:4      | 2745 ||| Stepping ~*~*~tactically~*~*~ (hiding).
  2746 | D:4      | 2746 ||| DRINKING potion of heal wounds.
  2761 | D:4      | Reached skill level 5 in Axes
  2761 | D:4      | 2761 ||| FLEEEEING.
  2762 | D:4      | 2762 ||| FLEEEEING.
  2763 | D:4      | 2763 ||| FLEEEEING.
  2764 | D:4      | 2764 ||| FLEEEEING.
  2765 | D:4      | 2765 ||| FLEEEEING.
  2766 | D:4      | 2766 ||| FLEEEEING.
  2767 | D:4      | 2767 ||| FLEEEEING.
  2768 | D:4      | 2768 ||| FLEEEEING.
  2769 | D:4      | 2769 ||| FLEEEEING.
  2770 | D:4      | 2770 ||| FLEEEEING.
  2771 | D:4      | 2771 ||| FLEEEEING.
  2772 | D:4      | 2772 ||| FLEEEEING.
  2773 | D:4      | 2773 ||| FLEEEEING.
  2774 | D:4      | 2774 ||| FLEEEEING.
  2775 | D:4      | 2775 ||| FLEEEEING.
  2776 | D:4      | 2776 ||| FLEEEEING.
  2803 | D:4      | 2803 ||| FLEEEEING.
  2804 | D:4      | 2804 ||| FLEEEEING.
  2808 | D:4      | 2808 ||| FLEEEEING.
  2809 | D:4      | 2809 ||| FLEEEEING.
  2810 | D:4      | 2810 ||| FLEEEEING.
  2811 | D:4      | 2811 ||| FLEEEEING.
  2812 | D:4      | 2812 ||| FLEEEEING.
  2813 | D:4      | 2813 ||| FLEEEEING.
  2814 | D:4      | 2814 ||| FLEEEEING.
  2815 | D:4      | 2815 ||| FLEEEEING.
  2821 | D:4      | 2821 ||| FLEEEEING.
  2822 | D:4      | 2822 ||| FLEEEEING.
  2823 | D:4      | 2823 ||| FLEEEEING.
  2824 | D:4      | 2824 ||| FLEEEEING.
  2825 | D:4      | 2825 ||| FLEEEEING.
  2827 | D:4      | 2827 ||| FLEEEEING.
  2828 | D:4      | 2828 ||| FLEEEEING.
  2835 | D:4      | 2835 ||| STAIRDANCE
  3025 | D:4      | Found a hazy altar of Hepliaklqana.
  3041 | D:4      | 3041 ||| READING scroll of enchant weapon.
  3041 | D:4      | 3041 ||| ENCHANTING +1 war axe.
  3366 | D:4      | Noticed an ogre
  3376 | D:4      | Killed an ogre
  3377 | D:4      | Reached XP level 6. HP: 40/40 MP: 6/6
  3454 | D:5      | Entered Level 5 of the Dungeon
  3607 | D:5      | 3607 ||| Stepping ~*~*~tactically~*~*~ (stealth).
  3609 | D:5      | 3609 ||| Stepping ~*~*~tactically~*~*~ (hiding).
  3610 | D:5      | 3610 ||| Stepping ~*~*~tactically~*~*~ (hiding).
  3620 | D:5      | 3620 ||| FLEEEEING.
  3621 | D:5      | 3621 ||| FLEEEEING.
  3622 | D:5      | 3622 ||| FLEEEEING.
  3623 | D:5      | 3623 ||| FLEEEEING.
  3624 | D:5      | 3624 ||| FLEEEEING.
  3625 | D:5      | 3625 ||| FLEEEEING.
  3626 | D:5      | 3626 ||| FLEEEEING.
  3627 | D:5      | 3627 ||| FLEEEEING.
  3628 | D:5      | 3628 ||| FLEEEEING.
  3629 | D:5      | 3629 ||| FLEEEEING.
  3630 | D:5      | 3630 ||| FLEEEEING.
  3631 | D:5      | 3631 ||| FLEEEEING.
  3632 | D:5      | 3632 ||| FLEEEEING.
  3634 | D:5      | 3634 ||| FLEEEEING.
  3635 | D:5      | 3635 ||| FLEEEEING.
  3636 | D:5      | 3636 ||| FLEEEEING.
  3637 | D:5      | 3637 ||| FLEEEEING.
  3638 | D:5      | 3638 ||| FLEEEEING.
  3639 | D:5      | 3639 ||| FLEEEEING.
  3640 | D:5      | 3640 ||| FLEEEEING.
  3641 | D:5      | 3641 ||| FLEEEEING.
  3642 | D:5      | 3642 ||| FLEEEEING.
  3643 | D:5      | 3643 ||| FLEEEEING.
  3644 | D:5      | 3644 ||| FLEEEEING.
  3645 | D:5      | 3645 ||| FLEEEEING.
  3647 | D:5      | 3647 ||| FLEEEEING.
  3648 | D:5      | 3648 ||| FLEEEEING.
  3649 | D:5      | 3649 ||| FLEEEEING.
  3650 | D:5      | 3650 ||| FLEEEEING.
  3651 | D:5      | 3651 ||| FLEEEEING.
  3653 | D:5      | 3653 ||| FLEEEEING.
  3654 | D:5      | 3654 ||| FLEEEEING.
  3655 | D:5      | 3655 ||| FLEEEEING.
  3656 | D:5      | 3656 ||| FLEEEEING.
  3657 | D:5      | 3657 ||| FLEEEEING.
  3658 | D:5      | 3658 ||| FLEEEEING.
  3659 | D:5      | 3659 ||| FLEEEEING.
  3660 | D:5      | 3660 ||| FLEEEEING.
  3661 | D:5      | 3661 ||| FLEEEEING.
  3662 | D:5      | 3662 ||| FLEEEEING.
  3671 | D:5      | 3671 ||| Stepping ~*~*~tactically~*~*~ (hiding).
  3680 | D:5      | Reached skill level 6 in Axes
  3680 | D:5      | Reached XP level 7. HP: 30/44 MP: 7/7
  3798 | D:5      | 3798 ||| Stepping ~*~*~tactically~*~*~ (hiding).
  3799 | D:5      | 3799 ||| Stepping ~*~*~tactically~*~*~ (hiding).
  3806 | D:5      | Reached skill level 1 in Dodging
  3908 | D:5      | 3908 ||| FLEEEEING.
  3909 | D:5      | 3909 ||| FLEEEEING.
  3916 | D:5      | 3916 ||| Stepping ~*~*~tactically~*~*~ (stealth).
  3918 | D:5      | 3918 ||| Stepping ~*~*~tactically~*~*~ (stealth).
  3920 | D:5      | 3920 ||| Stepping ~*~*~tactically~*~*~ (hiding).
  3944 | D:5      | 3944 ||| Stepping ~*~*~tactically~*~*~ (hiding).
  3951 | D:5      | HP: 8/44 [gnoll/+0 halberd[a gnoll bouda] (5)]
  3952 | D:5      | 3952 ||| DRINKING 2 potions of heal wounds.
  4110 | D:5      | 4110 ||| Stepping ~*~*~tactically~*~*~ (hiding).
  4114 | D:5      | 4114 ||| Stepping ~*~*~tactically~*~*~ (hiding).
  4339 | D:5      | Reached skill level 7 in Axes
  4364 | D:5      | 4364 ||| Stepping ~*~*~tactically~*~*~ (hiding).
  4373 | D:5      | Reached XP level 8. HP: 35/50 MP: 8/8
  4554 | D:5      | 4554 ||| READING scroll labelled YGUASYBBET.
  4582 | D:6      | Noticed Grinder
  4587 | D:6      | Noticed Maggie
  4595 | D:6      | Paralysed by Grinder for 4 turns
  4600 | D:6      | HP: 9/50 [Grinder (4)]
  4601 | D:6      | 4601 ||| DRINKING potion of heal wounds.
  4603 | D:6      | Killed Grinder
  4603 | D:6      | HP: 2/50 [orc/+0 club (3)]
  4604 | D:6      | Reached skill level 8 in Axes
  4607 | D:6      | Slain by an orc wizard

Levels and vault maps discovered:
D:1:      spicycebolla_arrival_clurvy, layout_loops_ring, columned_hall_lemuel,
          corexii_corridor_pit
D:2:      layout_basic
D:3:      layout_rooms, serial_forest, infiniplex_forest_clump_C,
          infiniplex_forest_clump_small, infiniplex_forest_straight_4,
          infiniplex_forest_straight_1, infiniplex_forest_lined_corner,
          infiniplex_forest_clump_double, minmay_misc_feat_four_crosses,
          hangedman_decor_slide_cut
D:4:      layout_basic, nicolae_hepliaklqana_hazy_memory
D:5:      layout_basic
D:6:      layout_cave_pools, serial_rivers, chequers_serial_rivers_micro_d,
          chequers_serial_rivers_micro_a, chequers_serial_rivers_micro_c,
          chequers_serial_rivers_small_3, chequers_serial_rivers_room_a,
          chequers_serial_rivers_micro_a, uniq_edmund, uniq_menkaure,
          uniq_grinder, uniq_maggie

Skill      XL: |  1  2  3  4  5  6  7  8 |
---------------+-------------------------+-----
Axes           | 2 3 4 5 6 7 8 |  8.4
Fighting       | 4 5 |  5.5
Dodging        | 1 |  1.0
Armour         | |  3.2
Shields        | |  3.2

Action                     |  1- 3 |  4- 6 |  7- 9 || total
---------------------------+-------+-------+-------++-------
  Melee: War axe           |    84 |   159 |    91 ||   334
    Use: Scroll            |     6 |     6 |     1 ||    13
         Potion            |       |     2 |     2 ||     4
 Armour: Scale mail        |    11 |       |       ||    11
         Chain mail        |    12 |    60 |    80 ||   152
  Dodge: Dodged            |    31 |   105 |    80 ||   216
  Block: Buckler           |    12 |    21 |    29 ||    62

Table legend:
 A = Non-vault XP
 B = Vault XP
 C = Vault XP percentage of total XP
 D = Non-vault monster count
 E = Vault monster count
 F = Vault count percentage of total count
                 A         B        C        D         E       F
            +---------+---------+-------+---------+---------+-------
      Total |    1522 |     272 |  15.2 |     113 |       1 |   0.9
            +---------+---------+-------+---------+---------+-------
        D:1 |      27 |       0 |   0.0 |      15 |       0 |   0.0
        D:2 |      64 |       0 |   0.0 |      23 |       0 |   0.0
        D:3 |      77 |       0 |   0.0 |      23 |       0 |   0.0
        D:4 |     269 |       0 |   0.0 |      19 |       0 |   0.0
        D:5 |     827 |       0 |   0.0 |      24 |       0 |   0.0
        D:6 |     258 |     272 |  51.3 |       9 |       1 |  10.0
            +---------+---------+-------+---------+---------+-------
